 Dungeon Crawl Stone Soup version 0.28-a0-1033-g1a2f33fa85 (webtiles) character file.

Game seed: 2792012811376632822

44 meatgazer the Chopper (level 3, -1/34 HPs)
             Began as a Hill Orc Monk on Dec 7, 2021.
             Was a Believer of Okawaru.
             Slain by a gnoll (10 damage)
             ... on level 2 of the Dungeon.
             The game lasted 00:01:38 (1495 turns).

meatgazer the Chopper (Hill Orc Monk)               Turns: 1495, Time: 00:01:38

Health: -1/34      AC:  3    Str: 15    XL:     3   Next: 60%
Magic:  1/3        EV: 15    Int: 10    God:    Okawaru [**....]
Gold:   4          SH:  0    Dex: 13    Spells: 2/2 levels left

rFire   . . .      SeeInvis .   a - +0 hand axe
rCold   . . .      Faith    .   (no shield)
rNeg    . . .      Spirit   .   b - +0 robe
rPois   .          Reflect  .   (no helmet)
rElec   .          Harm     .   (no cloak)
rCorr   .          Rampage  .   e - +0 pair of gloves
Will    .....                   (no boots)
Stlth   +++.......              c - amulet of magic regeneration
HPRegen 0.11/turn               (no ring)
MPRegen 0.48/turn               (no ring)

@: heroic
A: no striking features
a: Renounce Religion, Heroism


You were on level 2 of the Dungeon.
You worshipped Okawaru.
Okawaru was pleased with you.
You visited 1 branch of the dungeon, and saw 2 of its levels.

You collected 4 gold pieces.

Inventory:

Hand Weapons
 a - a +0 hand axe (weapon)
Armour
 b - a +0 robe (worn)
 e - a +0 pair of gloves (worn)
Jewellery
 c - an amulet of magic regeneration (around neck)
Potions
 d - a potion of might
 f - a potion of resistance {unknown}


   Skills:
 + Level 4.6(9.6) Fighting
 + Level 5.1(10.1) Axes
 - Level 2.4(7.4) Dodging
 - Level 1.5(6.5) Stealth


You had 2 spell levels left.
You didn't know any spells.
Your spell library was empty.

Dungeon Overview and Level Annotations

Branches:
Dungeon (2/15)

Altars:
Okawaru


Message History

Okawaru accepts your kill.
No target in view!
No target in view!
No target in view!
No target in view!
No target in view!
No target in view!
No target in view!
No target in view!
No target in view!
An endoplasm and a goblin come into view.
Found a stone staircase leading down.
The endoplasm jiggles.
A gnoll comes into view. It is wielding a +0 halberd.
You hit the endoplasm.
The endoplasm is heavily wounded.
The goblin shouts!
The endoplasm closely misses you.
You hit the endoplasm.
The endoplasm is almost dead.
The endoplasm freezes you.
You are frozen.
You hit the endoplasm but do no damage.
The endoplasm is almost dead.
The endoplasm freezes you.
You are frozen.
You hit the endoplasm.
You kill the endoplasm!
Okawaru accepts your kill. The gnoll hits you with a +0 halberd.
You hit the gnoll.
The gnoll is moderately wounded.
You hit the goblin. The gnoll hits you with a +0 halberd!
* * * LOW HITPOINT WARNING * * *
The goblin hits you with a +0 club.
* * * LOW HITPOINT WARNING * * *
You are too injured to fight recklessly!
You gain the combat prowess of a mighty hero.
The gnoll hits you with a +0 halberd!
You die...

#. ... ## #.#
#.# #.# ... ...
.... #.# #>#
#.#.#
...........
#.#.#.#.#.#.#.#
......g........
#@#.# ##.g.#
#######...#####
#..............
##.############
#.# #.# #.# #.#


You could see a gnoll and a goblin.

Vanquished Creatures
  A gnoll (D:1)
  2 dart slugs (D:1)
  2 bats (D:1)
  4 endoplasms
  3 giant cockroaches (D:1)
  2 goblins (D:1)
  2 kobolds (D:1)
  3 quokkas (D:1)
  2 ball pythons (D:1)
  5 frilled lizards
  2 rats (D:1)
28 creatures vanquished.

Vanquished Creatures (others)
  4 demonic plants (D:1)
  2 plants (D:1)
  3 withered plants (D:1)
9 creatures vanquished.

Grand Total: 37 creatures vanquished

Notes
Turn   | Place    | Note
-------+----------+-------------------------------------------
     0 | D:1      | meatgazer the Hill Orc Monk began the quest for the Orb.
     0 | D:1      | Reached XP level 1. HP: 19/19 MP: 1/1
   178 | D:1      | Reached XP level 2. HP: 27/27 MP: 2/2
   464 | D:1      | Reached XP level 3. HP: 8/34 MP: 3/3
  1065 | D:1      | Reached skill level 5 in Axes
  1123 | D:1      | Found a faded altar of an unknown god.
  1132 | D:1      | Prayed at the altar of an unknown god.
  1132 | D:1      | Became a worshipper of Warmaster Okawaru
  1132 | D:1      | Reached * piety under Okawaru
  1132 | D:1      | Reached ** piety under Okawaru
  1495 | D:2      | Slain by a gnoll

Illustrated notes

Levels and vault maps discovered:
D:1:      mrwooster_arrival_statue_3, layout_loops_ring,
          shapermc_ecumenical_altar_gd
D:2:      layout_basic, st_stairs_12

Skill      XL: |  1  2  3 |
---------------+----------+-----
Fighting       | 4 |  4.6
Axes           | 5 |  5.1
Dodging        | |  2.4
Stealth        | |  1.5

Action                   || total
-------------------------++-------
Melee: Hand axe          ||    92
Invok: Heroism           ||     1
  Use: Scroll            ||     2
 Stab: Sleeping          ||     4
Armor: Robe              ||    20
Dodge: Dodged            ||    57

Table legend: (Time is in decaauts)
 A = Elapsed time spent in this place.
 B = Non-inter-level travel time spent in this place.
 C = Inter-level travel time spent in this place.
 D = Time resting spent in this place.
 E = Time spent auto-exploring this place.
 F = Levels seen in this place.
 G = Mean time per level.
                   A        B        C        D        E       F      G
               +--------+--------+--------+--------+--------+-----+--------+
         Total |   1500 |   1435 |     65 |     70 |   1146 |   2 |  750.0 |
       Dungeon |   1500 |   1435 |     65 |     70 |   1146 |   2 |  750.0 |
               +--------+--------+--------+--------+--------+-----+--------+

Top non-repeatable levels by time:
     D:1: 1477 daAuts
     D:2: 23 daAuts
